 Dungeon Crawl Stone Soup version 0.20.1-1-g8b1a95d (webtiles) character file.

1071 Hylith the Slasher (level 8, -9/70 HPs)
             Began as a Minotaur Fighter on Dec 28, 2017.
             Mangled by a two-headed ogre
             ... wielding a +0 giant spiked club
              (20 damage)
             ... on level 5 of the Dungeon.
             The game lasted 00:17:18 (5415 turns).

Hylith the Slasher (Minotaur Fighter)               Turns: 5415, Time: 00:17:18

Health: -9/70      AC: 16    Str: 24      XL:     8   Next: 7%
Magic:  7/7        EV:  9    Int:  4 (5)  God:
Gold:   305        SH: 10    Dex: 11      Spells: 7/7 levels left

rFire    + . .     SeeInvis .   a - +1 long sword
rCold    + . .     Gourm    .   c - +0 shield
rNeg     . . .     Faith    .   m - +4 scale mail
rPois    .         Spirit   .   (helmet restricted)
rElec    .         Reflect  .   n - scarf {rC+ rF+}
rCorr    .         Harm     .   (no gloves)
MR       .....                  y - +0 pair of boots
Stlth    ..........             (no amulet)
Regen    0.3/turn               G - +2 ring of dexterity
MPRegen  0.1/turn               E - +3 ring of protection

@: very slightly contaminated
A: retaliatory headbutt, horns 2
a: no special abilities


You were on level 5 of the Dungeon.
You were not hungry.

You visited 1 branch of the dungeon, and saw 6 of its levels.

You collected 305 gold pieces.

Inventory:

Hand Weapons
 a - a +1 long sword (weapon)
 F - a +0 quarterstaff of crushing
Armour
 c - a +0 shield (worn)
 m - a +4 scale mail (worn)
 n - a scarf of resistance (worn)
 y - a +0 pair of boots (worn)
Jewellery
 o - a +2 ring of evasion
 v - an uncursed ring of magical power
 B - an uncursed ring of wizardry
 E - a +3 ring of protection (right hand)
 G - a +2 ring of dexterity (left hand)
 K - an uncursed ring of loudness
Wands
 D - a wand of paralysis (8/24)
Scrolls
 e - 2 scrolls of remove curse
 g - 7 scrolls of identify
 i - a scroll of blinking
 l - 2 scrolls of enchant armour {unknown}
 r - 2 scrolls of teleportation {unknown}
 s - 3 scrolls of enchant weapon
 t - a scroll of recharging {unknown}
 x - a scroll of amnesia {unknown}
 C - a scroll of random uselessness {unknown}
 I - a scroll of fog {unknown}
 J - a scroll of magic mapping {unknown}
Potions
 b - a potion of heal wounds
 d - a potion of might
 h - a potion of lignification
 j - a potion of flight
 p - a potion of haste
 q - a potion of brilliance
 z - a potion of resistance {unknown}
 A - a potion of ambrosia {unknown}
 H - 2 potions of mutation {unknown}
 L - a potion of curing {unknown}
Comestibles
 f - 3 bread rations
 k - 6 fruits
 u - 5 meat rations
 w - 2 royal jellies


   Skills:
 * Level 5.9 Fighting
 * Level 7.0 Long Blades
 * Level 6.6 Armour
 * Level 3.6 Dodging
 + Level 5.0 Shields


You had 7 spell levels left.
You didn't know any spells.

Dungeon Overview and Level Annotations

Branches:
Dungeon (6/15)
 Temple: D:4-7

Altars:
Ashenzari
Dithmenos
Fedhas
Gozag
Nemelex Xobeh
Sif Muna
Vehumet
Yredelemnul
Zin
The Shining One


Innate Abilities, Weirdness & Mutations

You reflexively headbutt those who attack you in melee.
You have a pair of horns on your head.


Message History

The two-headed ogre barely misses you.
The two-headed ogre hits you with a giant spiked club!
The two-headed ogre hits you with a giant spiked club!!
There is a stone staircase leading down, spattered with blood here.
Blink to where?
Press: ? - help, Dir - move target cursor You are very lightly contaminated with residual magic.
As you read the scroll labeled KADOYPNOUC, it crumbles to dust.
It was a scroll of blinking.
A two-headed ogre is nearby!
The two-headed ogre hits you with a giant spiked club!
The two-headed ogre hits you with a giant spiked club!!
You hit the two-headed ogre.
The two-headed ogre is lightly wounded.
You slash the two-headed ogre!
The two-headed ogre is moderately wounded.
The two-headed ogre hits you with a giant spiked club!
* * * LOW HITPOINT WARNING * * *
The two-headed ogre hits you with a giant spiked club!!
You die...

## ###### .#
#### ####....##
## #..##
#........# #
##..##
#.......##
##..##
##.......# ###
##..###........#
#.#
###@##........#
##..
##O........##
#... #.........#
#... ##........#
#... #.......##
##... ##......#
#.... #.....##
#.... #.....#
#...# #.....#
#####


You could see a two-headed ogre.

Vanquished Creatures
  Duvessa (D:5)
  Purgy (D:3)
  An ogre (D:5)
  A centaur (D:5)
  Dowan (D:5)
  A scorpion (D:4)
  A water moccasin skeleton (D:6)
  A centaur zombie (D:5)
  A hound (D:5)
  A gnoll shaman (D:4)
  An orc wizard (D:4)
  An iguana (D:4)
  3 worker ants (D:4)
  A killer bee zombie (D:6)
  11 gnolls
  5 adders
  A shadow imp (D:5)
  3 oozes
  An adder skeleton (D:5)
  4 worms
  4 dart slugs
  3 leopard geckos
  21 orcs
  8 giant cockroaches
  10 goblins
  5 hobgoblins
  3 jackals (D:6)
  2 quokkas
  A ball python (D:1)
  15 bats
  6 frilled lizards
  8 kobolds
  9 rats
136 creatures vanquished.

Notes
Turn   | Place    | Note
-------+----------+-------------------------------------------
     0 | D:1      | Hylith the Minotaur Fighter began the quest for the Orb.
     0 | D:1      | Reached XP level 1. HP: 19/19 MP: 0/0
   164 | D:1      | Reached XP level 2. HP: 27/27 MP: 1/1
   524 | D:1      | Reached XP level 3. HP: 33/33 MP: 2/2
   955 | D:2      | Reached skill level 3 in Long Blades
  1090 | D:2      | Reached XP level 4. HP: 30/40 MP: 3/3
  1169 | D:2      | Reached skill level 5 in Armour
  1479 | D:3      | Found a glowing silver altar of Zin.
  1510 | D:3      | Noticed Purgy
  1554 | D:3      | Killed Purgy
  1554 | D:3      | Reached skill level 4 in Long Blades
  1554 | D:3      | Reached skill level 1 in Dodging
  1554 | D:3      | Reached XP level 5. HP: 39/47 MP: 4/4
  2267 | D:3      | Reached XP level 6. HP: 52/53 MP: 5/5
  3112 | D:4      | Found a sand-covered staircase.
  3416 | D:4      | Reached skill level 5 in Long Blades
  3584 | D:4      | Reached skill level 5 in Fighting
  3586 | D:4      | Found a basalt altar of Yredelemnul.
  3610 | D:3      | Reached XP level 7. HP: 44/61 MP: 6/6
  3956 | D:5      | Entered Level 5 of the Dungeon
  4064 | D:5      | Reached skill level 6 in Long Blades
  4217 | D:5      | Found a radiant altar of Vehumet.
  4225 | D:5      | Noticed Dowan
  4226 | D:5      | Noticed Duvessa
  4263 | D:5      | Killed Duvessa
  4263 | D:5      | Reached skill level 5 in Shields
  4267 | D:5      | Killed Dowan
  4607 | D:5      | Found a shattered altar of Ashenzari.
  4607 | D:5      | Found a blossoming altar of Fedhas.
  4608 | D:5      | Found a shadowy altar of Dithmenos.
  4892 | D:5      | Found a sparkling altar of Nemelex Xobeh.
  4950 | D:5      | Reached XP level 8. HP: 61/70 MP: 7/7
  4953 | D:5      | Found an opulent altar of Gozag.
  4956 | D:5      | Found a glowing golden altar of the Shining One.
  4959 | D:5      | Found a deep blue altar of Sif Muna.
  4965 | D:5      | Noticed a two-headed ogre
  5268 | D:6      | Reached skill level 7 in Long Blades
  5415 | D:5      | Mangled by a two-headed ogre

Skill      XL: |  1  2  3  4  5  6  7  8 |
---------------+-------------------------+-----
Armour         | 4 5 6 |  6.6
Fighting       | 4 5 |  5.9
Long Blades    | 3 4 5 6 7 |  7.0
Dodging        | 1 2 3 |  3.6
Shields        | 4 5 |  5.0

Action                   |  1- 3 |  4- 6 |  7- 9 || total
-------------------------+-------+-------+-------++-------
Melee: Long sword        |    99 |   145 |   102 ||   346
       Headbutt          |    11 |    21 |    19 ||    51
  Use: Potion            |       |     6 |       ||     6
       Scroll            |       |       |     4 ||     4
  Eat: Chunk             |       |     8 |       ||     8
       Bread ration      |       |     1 |     1 ||     2
Armor: Scale mail        |    42 |   158 |    43 ||   243
Dodge: Dodged            |    27 |   146 |    52 ||   225
Block: Shield            |    39 |   193 |    54 ||   286
       Rpst.: Long sword |     7 |    34 |     9 ||    50
